 Dungeon Crawl Stone Soup version 0.29.1-15-g9cfb28693d (webtiles) character file.

Game seed: 9357031220304135929

250 Peloso the Slasher (level 5, -1/47 HPs)
             Began as a Minotaur Fighter on Apr 22, 2023.
             Slain by a gnoll
             ... wielding a +0 flail
              (6 damage)
             ... on level 4 of the Dungeon.
             The game lasted 00:04:46 (2655 turns).

Peloso the Slasher (Minotaur Fighter)               Turns: 2655, Time: 00:04:47

Health: -1/47      AC:  7    Str: 20    XL:     5   Next: 88%
Magic:  4/4        EV:  8    Int:  5    God:
Gold:   124        SH:  9    Dex: 12    Spells: 4/4 levels left

rFire   . . .      SeeInvis .   c - +0 long sword (holy)
rCold   . . .      Faith    .   d - +0 kite shield
rNeg    . . .      Spirit   .   b - +0 scale mail
rPois   .          Reflect  .   (helmet restricted)
rElec   .          Harm     .   (no cloak)
rCorr   .          Rampage  .   (no gloves)
Will    .....                   (no boots)
Stlth   ..........              (no amulet)
HPRegen 0.15/turn               (no ring)
MPRegen 0.09/turn               (no ring)

@: no status effects
A: horns 2, retaliatory headbutt
a: no special abilities


You were on level 4 of the Dungeon.
You visited 1 branch of the dungeon, and saw 4 of its levels.

You collected 124 gold pieces.

Inventory:

Hand Weapons
 a - a +0 long sword
 c - a +0 long sword of holy wrath (weapon)
Armour
 b - a +0 scale mail (worn)
 d - a +0 kite shield (worn)
Jewellery
 k - a +6 ring of intelligence
Scrolls
 i - a scroll of immolation {unknown}
 l - a scroll of magic mapping {unknown}
 m - a scroll of teleportation {unknown}
 n - 2 scrolls of enchant armour {unknown}
 r - a scroll of amnesia {unknown}
 s - a scroll of vulnerability {unknown}
 t - a scroll of fear {unknown}
Potions
 e - a potion of cancellation {unknown}
 f - a potion of might
 j - a potion of resistance
 o - 2 potions of flight
 p - a potion of mutation {unknown}
 q - a potion of heal wounds {unknown}
 u - a potion of curing {unknown}


   Skills:
 + Level 4.8 Fighting
 + Level 5.1 Long Blades
 + Level 4.9 Armour
 + Level 0.8 Dodging
 + Level 0.1 Stealth
 + Level 4.4 Shields


You had 4 spell levels left.
You didn't know any spells.
Your spell library contained the following spells:

 Spells                   Type           Power      Damage    Failure   Level
 Sublimation of Blood     Necr           0%         N/A       99%         2
 Gell's Gravitas          Tloc           0%         N/A       100%        3
 Lesser Beckoning         Tloc           0%         N/A       100%        3
 Teleport Other           Tloc           0%         N/A       100%        3
 Petrify                  Tmut/Erth      0%         N/A       100%        4
 Irradiate                Conj/Tmut      0%         3d11      100%        5


Dungeon Overview and Level Annotations

Branches:
Dungeon (4/15)
 Temple: D:4-7

Altars:
Trog


Innate Abilities, Weirdness & Mutations

You have a pair of horns on your head.
You reflexively headbutt those who attack you in melee.


Message History

A gnoll comes into view. It is wielding a +0 whip.
There are monsters nearby!
There are monsters nearby!
The gnoll shouts!
A gnoll comes into view. It is wielding a +0 flail.
A gnoll comes into view. It is wielding a +0 flail.
Found a scroll of identify.
The gnoll hits you with a +0 spear.
You barely miss the gnoll. The gnoll hits you with a +0 spear.
You hit the gnoll but do no damage. The gnoll hits you with a +0 spear. x2
You hit the gnoll.
The gnoll is moderately wounded.
The gnoll closely misses you. You block the gnoll's attack.
You hit the gnoll. Your headbutt misses the gnoll.
The gnoll is heavily wounded.
The gnoll hits you with a +0 spear. The gnoll barely misses you.
You barely miss the gnoll. Your headbutt misses the gnoll.
The gnoll is heavily wounded.
You block the gnoll's attack. The gnoll hits you with a +0 flail.
You hit the gnoll but do no damage.
The gnoll is heavily wounded.
The gnoll misses you. You furiously retaliate!
You headbutt the gnoll. You block the gnoll's attack.
The gnoll hits you with a +0 flail! The gnoll barely misses you.
You barely miss the gnoll.
The gnoll is almost dead.
The gnoll closely misses you. x2
You closely miss the gnoll.
The gnoll is almost dead.
The gnoll shouts!
The gnoll hits you with a +0 spear. The gnoll hits you with a +0 flail!
* * * LOW HITPOINT WARNING * * *
You hit the gnoll but do no damage.
The gnoll is almost dead.
The gnoll hits you with a +0 spear.
* * * LOW HITPOINT WARNING * * *
The gnoll hits you with a +0 flail.
* * * LOW HITPOINT WARNING * * *
The gnoll hits you with a +0 flail.
You die...

.....########.......g#....#.####.
...#..## #. #.g............
.......### ###.###.......###....
...........##.?.......###..#.....
......####>#..#..###..###........
.................................
......######....g#....##.........
.............###g#.#.............
.......#####.###@#.....####.....>
.................g....#####......
.................................
...................##.......#....
...... ..###.#....#########.##.#.
##...# ...........##### .##.##
#............## ..####.
#.....)..#.....#
..####.###....)))........


You could see 3 gnolls.

Vanquished Creatures
  A black bear (D:3)
  A hound (D:4)
  A gnoll (D:1)
  4 adders (D:3)
  An ufetubus (D:3)
  2 dart slugs
  5 orcs
  6 bats
  4 endoplasms
  6 giant cockroaches
  7 goblins
  6 hobgoblins
  4 jackals
  2 quokkas
  4 ball pythons
  3 frilled lizards
  5 kobolds
  7 rats
69 creatures vanquished.

Notes
Turn   | Place    | Note
-------+----------+-------------------------------------------
     0 | D:1      | Peloso the Minotaur Fighter began the quest for the Orb.
     0 | D:1      | Reached XP level 1. HP: 19/19 MP: 0/0
   118 | D:1      | Reached XP level 2. HP: 26/27 MP: 1/1
   472 | D:1      | Reached XP level 3. HP: 33/33 MP: 2/2
   830 | D:2      | Reached skill level 3 in Long Blades
  1735 | D:3      | Reached XP level 4. HP: 38/41 MP: 3/3
  1892 | D:3      | Noticed a black bear
  1902 | D:3      | Killed a black bear
  1903 | D:3      | Reached skill level 4 in Long Blades
  1903 | D:3      | Reached XP level 5. HP: 32/47 MP: 4/4
  2278 | D:4      | Reached skill level 5 in Long Blades
  2447 | D:4      | Found a bloodstained altar of Trog.
  2655 | D:4      | Slain by a gnoll

Illustrated notes

Levels and vault maps discovered:
D:1:      lemuel_arrival_rhombus, layout_loops_ring
D:2:      layout_loops_cross
D:3:      layout_rooms, minmay_joined_circles
D:4:      layout_rooms, nicolae_overflow_hidden_temple, serial_shops,
          kennysheep_little_box, gammafunk_ghost_gnarly_gnolls,
          grunt_ministairs_10

Skill      XL: |  1  2  3  4  5 |
---------------+----------------+-----
Armour         | 4 |  4.9
Fighting       | 4 |  4.8
Shields        | 4 |  4.4
Long Blades    | 3 4 5 |  5.1
Dodging        | |  0.8
Stealth        | |  0.1

Action                   |  1- 3 |  4- 6 || total
-------------------------+-------+-------++-------
Melee: Long sword        |   105 |    77 ||   182
       Headbutt          |    12 |     7 ||    19
  Use: Scroll            |       |     4 ||     4
Armor: Scale mail        |    56 |    48 ||   104
Dodge: Dodged            |    54 |    54 ||   108
Block: Buckler           |    18 |       ||    18
       Kite shield       |    10 |    54 ||    64
